 Dungeon Crawl Stone Soup version 0.27-a0-1136-g0b992a5a9d (webtiles) character file.

Game seed: 10915498544899871970

8895 wakim the Spear-Bearer (level 11, 0/80 HPs)
             Began as a Merfolk Gladiator on May 6, 2021.
             Was a Priest of Hepliaklqana.
             Slain by a skeletal warrior
             ... wielding a +0 broad axe
             ... led by a skeletal warrior
              (18 damage)
             ... on level 13 of the Dungeon.
             The game lasted 00:38:46 (9447 turns).

wakim the Spear-Bearer (Merfolk Gladiator)          Turns: 9447, Time: 00:38:46

Health: 0/80       AC: 14    Str: 14    XL:     11   Next: 38%
Magic:  14/14      EV: 18    Int: 10    God:    Hepliaklqana [***...]
Gold:   541        SH:  4    Dex: 17    Spells: 11/13 levels left

rFire    + . .     SeeInvis .   a - +2 trident (freeze)
rCold    . . .     Faith    .   r - +0 buckler
rNeg     . . .     Spirit   .   q - +1 steam dragon scales
rPois    .         Reflect  .   c - +0 helmet
rElec    .         Harm     .   j - +1 cloak
rCorr    .         Rampage  .   n - +0 pair of gloves
Will     .....                  (no boots)
Stlth    ++........             i - amulet of regeneration
HPRegen  1.23/turn              m - ring of protection from fire
MPRegen  0.14/turn              f - +4 ring of protection

@: about to teleport
A: reduced essence, (nimble swimmer 2), mertail
a: Renounce Religion, Recall Ancestor, Ancestor Identity, Transference


You were on level 13 of the Dungeon.
You worshipped Hepliaklqana.
Hepliaklqana was most pleased with you.
You visited 2 branches of the dungeon, and saw 12 of its levels.

You collected 686 gold pieces.
You spent 145 gold pieces at shops.

Inventory:

Hand Weapons
 a - a +2 trident of freezing (weapon)
 b - a +0 vampiric trident
Missiles
 d - 5 throwing nets {=f!f}
 e - 11 boomerangs
 h - 35 poisoned darts (quivered)
 p - 4 boomerangs of dispersal {=f!f}
 s - 6 silver boomerangs
Armour
 c - a +0 helmet (worn)
 j - a +1 cloak (worn)
 l - a +0 leather armour of cold resistance
 n - a +0 pair of gloves (worn)
 q - +1 steam dragon scales (worn)
 r - a +0 buckler (worn)
Jewellery
 f - a +4 ring of protection (right hand)
 g - a ring of wizardry
 i - an amulet of regeneration (around neck)
 k - a ring of positive energy
 m - a ring of protection from fire (left hand)
Wands
 x - a wand of iceblast (6)
Scrolls
 o - a scroll of brand weapon
 R - 3 scrolls of magic mapping {!r}
 T - 4 scrolls of teleportation
 W - a scroll of holy word
 X - a scroll of fog
 Y - 2 scrolls of blinking {!r}
Potions
 A - a potion of ambrosia
 B - 3 potions of attraction {!q}
 D - a potion of brilliance
 F - 3 potions of curing
 G - 2 potions of flight
 K - a potion of magic


   Skills:
 + Level 9.1 Fighting
 - Level 14.0 Polearms
 - Level 6.0 Throwing
 + Level 2.2 Armour
 + Level 11.1 Dodging
 * Level 1.4 Shields
 * Level 1.8 Spellcasting
 * Level 2.8 Transmutations
 * Level 4.9 Invocations


You had 11 spell levels left.
You knew the following spells:

 Your Spells              Type           Power      Damage    Failure   Level
a - Wereblood             Tmut           6%         N/A       21%         2

Your spell library contained the following spells:

 Spells                   Type           Power      Damage    Failure   Level
 Beastly Appendage        Tmut           12%        N/A       14%         1
 Passwall                 Tmut/Erth      2%         N/A       36%         2
 Animate Skeleton         Necr           0%         N/A       41%         1
 Apportation              Tloc           0%         N/A       41%         1
 Corona                   Hex            0%         N/A       41%         1
 Magic Dart               Conj           0%         1d3       41%         1
 Pain                     Necr           0%         1d4       41%         1
 Sandblast                Erth           0%         2d4       41%         1
 Summon Small Mammal      Summ           0%         N/A       41%         1
 Blink                    Tloc           N/A        N/A       54%         2
 Call Imp                 Summ           0%         N/A       54%         2
 Ensorcelled Hibernation  Hex/Ice        0%         N/A       54%         2
 Slow                     Hex            0%         N/A       54%         2
 Spider Form              Tmut/Pois      1%         N/A       58%         3
 Confusing Touch          Hex            0%         N/A       78%         3
 Conjure Flame            Conj/Fire      0%         6-21      78%         3
 Dazzling Flash           Conj/Hex       0%         N/A       78%         3
 Mephitic Cloud           Conj/Pois/Air  0%         N/A       78%         3
 Stone Arrow              Conj/Erth      0%         3d7       78%         3
 Tukima's Dance           Hex            0%         N/A       78%         3
 Vampiric Draining        Necr           0%         2d6       78%         3
 Ice Form                 Ice/Tmut       3%         N/A       94%         4
 Petrify                  Tmut/Erth      3%         N/A       94%         4
 Hydra Form               Tmut           3%         N/A       98%         5
 Animate Dead             Necr           0%         N/A       99%         4
 Agony                    Necr           0%         N/A       100%        5
 Lee's Rapid Deconstruct  Erth           0%         3d5*      100%        5


Dungeon Overview and Level Annotations

Branches:
Dungeon (10/15)            Temple (1/1) D:5             Orc (0/2) D:9
   Lair: D:8-11

Altars:
Ashenzari
Dithmenos
Elyvilon
Fedhas
Gozag
Hepliaklqana
Kikubaaqudgha
Makhleb
Okawaru
Qazlal
Ru
Sif Muna
Trog
Uskayaw
Vehumet
Wu Jian
Xom
Yredelemnul
Zin
The Shining One

Shops:
D:2 *   D:4 [

Annotations:
D:5 2 runed translucent doors, trm's ghost, novice OpEE


Innate Abilities, Weirdness & Mutations

Your life essence is reduced to manifest your ancestor. (-10% HP)
((You are quick and stealthy near water. (Stealth+, EV+, Speed+++)))
Your lower body shifts to a powerful aquatic tail in water.


Message History

You hit the ynoxinul.
The ynoxinul is severely wounded.
The ynoxinul misses you.
You puncture the ynoxinul!
You kill the ynoxinul!
The skeletal warrior hits you with a +0 broad axe!
* * * LOW HITPOINT WARNING * * *
The kobold demonologist miscasts a cantrip.
As you read the scroll of teleportation, it crumbles to dust.
You feel strangely unstable.
The skeletal warrior closely misses you.
You hit the kobold demonologist but do no damage.
The skeletal warrior hits you with a +0 broad axe.
* * * LOW HITPOINT WARNING * * *
Throw: 37 darts (poison)
Press: ? - help, Q - select action, (/) - cycle Shift-Dir - straight line, f - kobold demonologist, p - skeletal warrior
Aim: a kobold demonologist, wielding a +1 dagger of protection and wearing a +0 robe (58% to hit)
You throw a poisoned dart.
The poisoned dart hits the kobold demonologist.
The kobold demonologist is poisoned.
The kobold demonologist casts a spell.
The skeletal warrior hits you with a +0 broad axe!
* * * LOW HITPOINT WARNING * * *
You hit the kobold demonologist. You freeze the kobold demonologist.
The kobold demonologist is lightly wounded.
The kobold demonologist casts a spell.
You hit the kobold demonologist. You freeze the kobold demonologist.
The kobold demonologist is lightly wounded.
The skeletal warrior hits you with a +0 broad axe!
* * * LOW HITPOINT WARNING * * *
Throw: 36 darts (poison)
Press: ? - help, Q - select action, (/) - cycle Shift-Dir - straight line, f/p - kobold demonologist
Aim: a kobold demonologist, wielding a +1 dagger of protection and wearing a +0 robe (lightly wounded, poisoned, 58% to hit)
You throw a poisoned dart.
The poisoned dart hits the kobold demonologist!
The kobold demonologist looks even sicker.
The kobold demonologist is lightly wounded.
The kobold demonologist hits you but does no damage.
The skeletal warrior hits you with a +0 broad axe!!
You die...

########################
...KKKK@z...............
##.#############..(.....
........######
.............ยง
######........ #........
........... ............
......######.


You could see a skeletal warrior, a kobold demonologist (very poisoned), a
kobold brigand and 2 kobolds.

Vanquished Creatures
  A two-headed ogre (D:10)
  A manticore (D:9)
  Maggie (D:8)
  2 steam dragons
  9 yaks (D:8)
  An acid dragon (D:9)
  3 water moccasins
  12 orc warriors
  4 ice beasts
  A hornet zombie (D:6)
  A black bear (D:6)
  2 necrophages
  An ogre (D:5)
  2 phantoms
  3 bullfrogs
  2 kobold brigands
  3 scorpions
  A water moccasin skeleton (D:6)
  4 wights
  7 howler monkeys
  2 bullfrog zombies (D:6)
  6 centaur zombies
  2 bullfrog skeletons
  4 hounds
  5 orc priests
  A gnoll shaman (D:8)
  Jessica (D:2)
  2 iguanas
  11 orc wizards
  A howler monkey zombie (D:8)
  3 gnolls (D:8)
  7 adders
  3 white imps
  An adder skeleton (D:4)
  A worm (D:3)
  38 orcs
  5 endoplasms
  9 giant cockroaches
  6 goblins
  9 hobgoblins
  A jackal (D:4)
  20 kobolds
  5 quokkas
  8 ball pythons
  6 bats
  6 frilled lizards
  A rat (D:3)
225 creatures vanquished.

Vanquished Creatures (collateral kills)
  A two-headed ogre (D:9)
  2 orc warriors (D:9)
  A bullfrog (D:7)
  A wyvern skeleton (D:7)
  2 wights (D:7)
  A centaur zombie (D:9)
  An orc wizard (D:10)
  A gnoll (D:8)
  4 orcs
  3 kobolds (D:9)
17 creatures vanquished.

Vanquished Creatures (others)
  4 hexers
  4 ancestors (D:8)
8 creatures vanquished.

Grand Total: 250 creatures vanquished

Notes
Turn   | Place    | Note
-------+----------+-------------------------------------------
     0 | D:1      | wakim the Merfolk Gladiator began the quest for the Orb.
     0 | D:1      | Reached XP level 1. HP: 16/16 MP: 1/1
    71 | D:1      | Found a faded altar of an unknown god.
   249 | D:1      | Reached XP level 2. HP: 23/23 MP: 2/2
   530 | D:1      | Reached skill level 5 in Polearms
   974 | D:2      | Reached XP level 3. HP: 28/28 MP: 3/3
  1304 | D:2      | Noticed Jessica
  1322 | D:2      | Killed Jessica
  1323 | D:2      | Reached XP level 4. HP: 25/35 MP: 4/4
  1468 | D:2      | Found Xemnuq's General Store.
  1476 | D:2      | Bought a scroll of identify for 28 gold pieces
  1858 | D:3      | Reached skill level 6 in Polearms
  2038 | D:3      | Reached XP level 5. HP: 41/41 MP: 5/5
  2322 | D:4      | Reached skill level 5 in Dodging
  2379 | D:4      | Found Olizavau's Armour Emporium.
  2392 | D:4      | Bought a +0 leather armour of cold resistance for 117 gold
                  | pieces
  2577 | D:4      | Found a shimmering altar of Xom.
  2706 | D:4      | Found an ancient bone altar of Kikubaaqudgha.
  2718 | D:4      | Found a blossoming altar of Fedhas.
  2719 | D:4      | Found a white marble altar of Elyvilon.
  2741 | D:4      | Reached XP level 6. HP: 47/47 MP: 6/6
  2811 | D:4      | Reached skill level 7 in Polearms
  3241 | D:5      | Entered Level 5 of the Dungeon
  3241 | D:5      | Found a staircase to the Ecumenical Temple.
  3257 | Temple   | Entered the Ecumenical Temple
  3338 | Temple   | Became a worshipper of Hepliaklqana the Forgotten
  3391 | D:5      | Found a large runed translucent door.
  3408 | D:5      | Reached XP level 7. HP: 54/54 MP: 7/7
  3555 | D:5      | Noticed a fire elemental
  3557 | D:5      | Found a stormy altar of Qazlal.
  3560 | D:5      | Noticed an air elemental
  3560 | D:5      | Noticed a water elemental
  3568 | D:5      | Found a hide-covered altar of Uskayaw.
  3614 | D:5      | Reached skill level 8 in Polearms
  3790 | D:5      | Found a large runed translucent door.
  3794 | D:5      | Noticed trm's ghost (novice OpEE)
  4297 | D:5      | Noticed a steam dragon
  4310 | D:5      | Killed a steam dragon
  4311 | D:5      | Reached skill level 9 in Polearms
  4311 | D:5      | Reached XP level 8. HP: 46/61 MP: 8/8
  4510 | D:5      | Reached skill level 5 in Fighting
  4619 | D:6      | Reached skill level 10 in Polearms
  4834 | D:5      | Reached skill level 5 in Throwing
  5038 | D:6      | Reached XP level 9. HP: 69/69 MP: 9/9
  5168 | D:6      | Reached skill level 11 in Polearms
  5215 | D:6      | Reached * piety under Hepliaklqana
  5220 | D:6      | Found a basalt altar of Yredelemnul.
  5220 | D:6      | Found a burning altar of Makhleb.
  5949 | D:7      | Reached skill level 12 in Polearms
  6606 | D:8      | Reached XP level 10. HP: 64/71 MP: 10/10
  6614 | D:8      | Reached skill level 13 in Polearms
  7135 | D:8      | Reached ** piety under Hepliaklqana
  7457 | D:8      | Reached skill level 14 in Polearms
  7551 | D:8      | Reached skill level 10 in Dodging
  7700 | D:8      | Noticed Maggie
  7716 | D:8      | Killed Maggie
  7805 | D:8      | Found a shimmering blue altar of Sif Muna.
  7902 | D:8      | Remembered your ancestor Nakurtum as a hexer
  8054 | D:8      | Reached skill level 1 in Invocations
  8068 | D:9      | Noticed a two-headed ogre
  8141 | D:9      | Noticed a manticore
  8153 | D:9      | Killed a manticore
  8154 | D:9      | Reached skill level 1 in Armour
  8167 | D:9      | Killed a two-headed ogre
  8168 | D:9      | Reached XP level 11. HP: 78/78 MP: 11/13
  8288 | D:9      | Found a glowing golden altar of the Shining One.
  8300 | D:9      | Learned a level 2 spell: Wereblood
  8327 | D:9      | Found a staircase to the Orcish Mines.
  8348 | D:9      | Reached skill level 1 in Transmutations
  8545 | D:9      | Reached skill level 1 in Spellcasting
  8869 | D:9      | Reached *** piety under Hepliaklqana
  8955 | D:10     | Entered Level 10 of the Dungeon
  9226 | D:10     | Noticed a two-headed ogre
  9241 | D:10     | Killed a two-headed ogre
  9242 | D:10     | Reached skill level 1 in Shields
  9304 | D:10     | You fall into a shaft and drop 3 floors!
  9328 | D:13     | Noticed a skeletal warrior
  9447 | D:13     | Slain by a skeletal warrior

Illustrated notes

Levels and vault maps discovered:
D:1:      sevenhm_arrival_forest_fort_large_2, layout_basic,
          hellmonk_ecumenical_altar_arch_garden
D:2:      layout_loops_ring, serial_shops, shop, st_stairs_6, uniq_jessica
D:3:      layout_loops_cross
D:4:      layout_gridville, nicolae_overflow_hidden_temple,
          grunt_temple_overflow_open, serial_shops, shop, hex_medium,
          minmay_bent
D:5:      layout_basic, nicolae_uskayaw_dance_hall,
          nicolae_qazlal_style_of_elements, minmay_temple_entry_stoned_glass,
          ebering_ghost_disaster_area
D:6:      layout_cave_pools, chequers_temple_overflow_statue_of_worship,
          ebering_dispersal_statue_hall, minmay_a_box_with_orc_wizards_in_it
D:7:      layout_basic
D:8:      layout_loops_corners, led_sif_pool, special_room [special_room_orc],
          uniq_maggie
D:9:      layout_big_octagon, tso_metal_star, orc_david_3
D:10:     layout_cave_pods, kennysheep_slug_shrine, nemelex_diamond_rough_becter
D:13:     minmay_the_grid_square_5x5_4x4 [minmay_the_grid_square_5x5_spiral,
          minmay_the_grid_square_5x5_c,
          minmay_the_grid_square_5x5_fancy_junction,
          minmay_the_grid_square_5x5_inner_i,
          minmay_the_grid_square_5x5_shrine1,
          minmay_the_grid_square_5x5_prize_itemx,
          minmay_the_grid_square_5x5_prize_open,
          minmay_the_grid_square_5x5_inset, minmay_the_grid_square_5x5_detours,
          minmay_the_grid_square_5x5_prize_snowflake,
          minmay_the_grid_square_5x5_prize_open,
          minmay_the_grid_square_5x5_longway,
          minmay_the_grid_square_5x5_spiral_small,
          minmay_the_grid_square_5x5_shuriken,
          minmay_the_grid_square_5x5_doubleslash,
          minmay_the_grid_square_5x5_trominoes], layout_long_grid,
          serial_bayou_pond_c
Temple:   eino_temple_lava

Skill      XL: |  1  2  3  4  5  6  7  8  9 10 11 |
---------------+----------------------------------+-----
Polearms       | 5 6 7 9 10 12 14 | 14.0
Fighting       | 3 4 5 7 8 9 |  9.1
Dodging        | 5 6 7 9 10 11 | 11.1
Throwing       | 3 4 5 6 |  6.0
Invocations    | 3 4 |  4.9
Armour         | 1 2 |  2.2
Transmutations | 2 |  2.8
Spellcasting   | 1 |  1.8
Shields        | 1 |  1.4

Action                   |  1- 3 |  4- 6 |  7- 9 | 10-12 || total
-------------------------+-------+-------+-------+-------++-------
Melee: Trident           |   110 |   133 |   380 |   261 ||   884
       Halberd           |       |       |       |    96 ||    96
Throw: Dart              |       |    43 |    36 |   146 ||   225
       Boomerang         |       |       |       |     3 ||     3
 Cast: Wereblood         |       |       |       |     1 ||     1
Invok: Recall Ancestor   |       |       |       |     3 ||     3
       Ancestor Life: He |       |       |       |     1 ||     1
       Transference      |       |       |       |     1 ||     1
Evoke: Wand              |       |     3 |       |       ||     3
  Use: Scroll            |     1 |     8 |     8 |     2 ||    19
       Potion            |       |       |     1 |       ||     1
 Stab: Sleeping          |     2 |     3 |       |       ||     5
       Confused          |       |       |       |     9 ||     9
       Distracted        |       |       |       |     3 ||     3
Armor: Leather armour    |    20 |    41 |   115 |    16 ||   192
       Steam dragon scal |       |       |       |    39 ||    39
Dodge: Dodged            |    52 |    74 |   184 |   179 ||   489
Block: Buckler           |       |       |       |    10 ||    10

Table legend: (Time is in decaauts)
 A = Elapsed time spent in this place.
 B = Non-inter-level travel time spent in this place.
 C = Inter-level travel time spent in this place.
 D = Time resting spent in this place.
 E = Time spent auto-exploring this place.
 F = Levels seen in this place.
 G = Mean time per level.
                   A        B        C        D        E       F      G
               +--------+--------+--------+--------+--------+-----+--------+
         Total |   9183 |   8556 |    627 |    128 |   6411 |  12 |  765.2 |
       Dungeon |   9093 |   8466 |    627 |    128 |   6343 |  11 |  826.6 |
        Temple |     90 |     90 |      0 |      0 |     68 |   1 |   90.0 |
               +--------+--------+--------+--------+--------+-----+--------+

Top non-repeatable levels by time:
     D:8: 1552 daAuts
     D:5: 1426 daAuts
     D:1: 929 daAuts
     D:4: 926 daAuts
     D:7: 894 daAuts
     D:9: 832 daAuts
     D:3: 711 daAuts
     D:6: 695 daAuts
     D:2: 669 daAuts
    D:10: 327 daAuts
    D:13: 127 daAuts
  Temple: 90 daAuts
